 Dungeon Crawl Stone Soup version 0.24-a0-335-g06ca16a (webtiles) character file.

Game seed: 7089530013641804742

98 kaladindcss the Vexing (level 4, -4/34 HPs)
             Began as a Gnoll Arcane Marksman on May 19, 2019.
             Slain by a worm (10 damage)
             ... on level 2 of the Dungeon on May 20, 2019.
             The game lasted 00:04:13 (1406 turns).

kaladindcss the Vexing (Gnoll Arcane Marksman)      Turns: 1406, Time: 00:04:14

Health: -4/34      AC:  2    Str: 12    XL:     4   Next: 69%
Magic:  8/8        EV: 15    Int: 16    God:
Gold:   123        SH:  0    Dex: 16    Spells: 8/9 levels left

rFire    . . .     SeeInvis .   a - +0 shortbow
rCold    . . .     Gourm    .   (shield currently unavailable)
rNeg     . . .     Faith    .   e - +0 robe
rPois    .         Spirit   .   (no helmet)
rElec    .         Reflect  .   (no cloak)
rCorr    .         Harm     .   (no gloves)
MR       .....                  (no boots)
Stlth    ++........             (no amulet)
HPRegen  0.11/turn              (no ring)
MPRegen  0.11/turn              (no ring)

@: no status effects
A: distributed training, fangs 1, strong nose
a: no special abilities


You were on level 2 of the Dungeon.
You were not hungry.

You visited 1 branch of the dungeon, and saw 3 of its levels.

You collected 123 gold pieces.

Inventory:

Hand Weapons
 a - a +0 shortbow (weapon)
 b - a +0 short sword
Missiles
 d - 10 arrows (quivered)
Armour
 e - a +0 robe (worn)
Jewellery
 g - a cursed ring of attention {unknown}
 h - an uncursed ring of positive energy {unknown}
Scrolls
 c - 6 scrolls of identify {unknown}
 j - a scroll of fog {unknown}
 m - a scroll of random uselessness {unknown}
 n - a scroll of teleportation {unknown}
Potions
 i - a potion of brilliance {unknown}
 k - 2 potions of magic {unknown}
 l - a potion of heal wounds {unknown}
Comestibles
 f - a ration


   Skills:
 + Level 2.8 Fighting
 + Level 1.2 Short Blades
 + Level 1.2 Long Blades
 + Level 1.2 Axes
 + Level 1.2 Maces & Flails
 + Level 1.2 Polearms
 + Level 1.2 Staves
 + Level 1.2 Slings
 + Level 4.6 Bows
 + Level 1.2 Crossbows
 + Level 1.2 Throwing
 + Level 1.2 Armour
 + Level 4.6 Dodging
 + Level 1.2 Stealth
 + Level 1.2 Shields
 + Level 1.2 Unarmed Combat
 + Level 3.0 Spellcasting
 + Level 1.0 Conjurations
 + Level 5.5 Hexes
 + Level 1.0 Charms
 + Level 1.0 Summonings
 + Level 1.0 Necromancy
 + Level 1.0 Translocations
 + Level 1.0 Transmutations
 + Level 1.0 Fire Magic
 + Level 1.0 Ice Magic
 + Level 1.0 Air Magic
 + Level 1.0 Earth Magic
 + Level 1.0 Poison Magic
 + Level 1.3 Invocations
 + Level 1.2 Evocations


You had 8 spell levels left.
You knew the following spells:

 Your Spells              Type           Power        Failure   Level  Hunger
a - Corona                Hex            ###....      1%          1    #......

Your spell library contained the following spells:

 Spells                   Type           Power        Failure   Level  Hunger
 Slow                     Hex            ###.....     3%          2    ##.....
 Inner Flame              Hex/Fire       ##......     14%         3    ###....
 Portal Projectile        Hex/Tloc       ##....       14%         3    ###....
 Cause Fear               Hex            ###.......   19%         4    #####..
 Leda's Liquefaction      Hex/Erth       ##........   43%         4    #####..


Dungeon Overview and Level Annotations

Branches:
Dungeon (3/15)

Altars:


Innate Abilities, Weirdness & Mutations

Your experience applies equally to all skills.
You have very sharp teeth.
Your uncanny sense of smell can sniff out nearby items.


Message History

Firing (i - inventory)
d - 13 arrows (quivered)
Press: ? - help, Shift-Dir - straight line, f/p - worm
Aim: a worm (moderately wounded)
You shoot an arrow. The arrow hits the worm!
The worm is severely wounded.
The rat bites you.
Firing (i - inventory)
d - 12 arrows (quivered)
Press: ? - help, Shift-Dir - straight line, f/p - worm
Aim: a worm (severely wounded)
You shoot an arrow. The arrow barely misses the worm.
The rat closely misses you. The worm bites you!
* * * LOW HITPOINT WARNING * * *
Firing (i - inventory)
d - 11 arrows (quivered)
Press: ? - help, Shift-Dir - straight line, f/p - worm
Aim: a worm (severely wounded)
You shoot an arrow.
The arrow hits the worm but does no damage.
The worm is severely wounded.
The rat misses you. The worm bites you!
You die...

## ..#.#. ...
.#._.#. ##.##
#####..#.#.. #..!.
##.......#...
....##(...........
#.##..........<.#
#.# #..w........#
#.# #.@...((.(# #.#
#..r(.....# #.#
#.............
#.####........##...
##.#............# .)
####....##.........#
.
#.....####.........#
#.###..# #.........#
#. ##.###.........#


You could see a worm and a rat.

Vanquished Creatures
  A hound (D:3)
  Natasha (twice) (D:2)
  3 bats
  2 giant cockroaches
  2 goblins
  3 hobgoblins (D:1)
  2 kobolds
  A frilled lizard (D:2)
  4 rats
20 creatures vanquished.

Notes
Turn   | Place    | Note
-------+----------+-------------------------------------------
     0 | D:1      | kaladindcss the Gnoll Arcane Marksman began the quest for
                  | the Orb.
     0 | D:1      | Reached XP level 1. HP: 17/17 MP: 4/4
   262 | D:1      | Reached XP level 2. HP: 23/23 MP: 5/5
   943 | D:2      | Noticed Natasha
   946 | D:2      | Killed Natasha
   946 | D:2      | Reached XP level 3. HP: 28/28 MP: 7/7
   976 | D:2      | Noticed Natasha
   989 | D:2      | Killed Natasha
   989 | D:2      | Reached skill level 1 in Short Blades
   989 | D:2      | Reached skill level 1 in Long Blades
   989 | D:2      | Reached skill level 1 in Axes
   989 | D:2      | Reached skill level 1 in Maces & Flails
   989 | D:2      | Reached skill level 1 in Polearms
   989 | D:2      | Reached skill level 1 in Staves
   989 | D:2      | Reached skill level 1 in Slings
   989 | D:2      | Reached skill level 1 in Crossbows
   989 | D:2      | Reached skill level 1 in Throwing
   989 | D:2      | Reached skill level 1 in Armour
   989 | D:2      | Reached skill level 1 in Stealth
   989 | D:2      | Reached skill level 1 in Shields
   989 | D:2      | Reached skill level 1 in Unarmed Combat
   989 | D:2      | Reached skill level 1 in Invocations
   989 | D:2      | Reached skill level 1 in Evocations
   989 | D:2      | Reached XP level 4. HP: 34/34 MP: 8/8
  1096 | D:2      | Found a faded altar of an unknown god.
  1117 | D:3      | Reached skill level 1 in Conjurations
  1117 | D:3      | Reached skill level 1 in Charms
  1117 | D:3      | Reached skill level 1 in Summonings
  1117 | D:3      | Reached skill level 1 in Necromancy
  1117 | D:3      | Reached skill level 1 in Translocations
  1117 | D:3      | Reached skill level 1 in Transmutations
  1117 | D:3      | Reached skill level 1 in Fire Magic
  1117 | D:3      | Reached skill level 1 in Ice Magic
  1117 | D:3      | Reached skill level 1 in Air Magic
  1117 | D:3      | Reached skill level 1 in Earth Magic
  1117 | D:3      | Reached skill level 1 in Poison Magic
  1406 | D:2      | Slain by a worm

Levels and vault maps discovered:
D:1:      grunt_arrival_crossed_arrows, layout_loops_corners
D:2:      layout_rooms, chequers_ecumenical_altar_simple_redux,
          uniq_crazy_yiuf_cottage, uniq_terence, uniq_natasha
D:3:      layout_loops_corners, cheibrodos_ashenzari_chains, serial_bayou_pond_e

Skill      XL: |  1  2  3  4 |
---------------+-------------+-----
Short Blades   | 1 |  1.2
Long Blades    | 1 |  1.2
Axes           | 1 |  1.2
Maces & Flails | 1 |  1.2
Polearms       | 1 |  1.2
Staves         | 1 |  1.2
Slings         | 1 |  1.2
Crossbows      | 1 |  1.2
Throwing       | 1 |  1.2
Armour         | 1 |  1.2
Stealth        | 1 |  1.2
Shields        | 1 |  1.2
Unarmed Combat | 1 |  1.2
Invocations    | 1 |  1.3
Evocations     | 1 |  1.2
Spellcasting   | 3 |  3.0
Conjurations   | 1 |  1.0
Charms         | 1 |  1.0
Summonings     | 1 |  1.0
Necromancy     | 1 |  1.0
Translocations | 1 |  1.0
Transmutations | 1 |  1.0
Fire Magic     | 1 |  1.0
Ice Magic      | 1 |  1.0
Air Magic      | 1 |  1.0
Earth Magic    | 1 |  1.0
Poison Magic   | 1 |  1.0
Fighting       | |  2.8
Bows           | |  4.6
Dodging        | |  4.6
Hexes          | |  5.5

Action                   |  1- 3 |  4- 6 || total
-------------------------+-------+-------++-------
 Fire: Shortbow          |    35 |    27 ||    62
  Eat: Ration            |       |     1 ||     1
Armor: Robe              |     1 |     1 ||     2
Dodge: Dodged            |     7 |    35 ||    42

Table legend:
 A = Non-vault XP
 B = Vault XP
 C = Vault XP percentage of total XP
 D = Non-vault monster count
 E = Vault monster count
 F = Vault count percentage of total count
                 A         B        C        D         E       F
            +---------+---------+-------+---------+---------+-------
      Total |     104 |      36 |  25.7 |      19 |       1 |   5.0
            +---------+---------+-------+---------+---------+-------
        D:1 |      16 |       0 |   0.0 |       9 |       0 |   0.0
        D:2 |      42 |      36 |  46.2 |       6 |       1 |  14.3
        D:3 |      46 |       0 |   0.0 |       4 |       0 |   0.0
            +---------+---------+-------+---------+---------+-------
